 Dungeon Sprint DCSS version 0.32-a0-834-geaf45d8e21 (webtiles) character file.

Game seed: 7509004896245741711

54 rocky1 the Trooper (level 4, 0/45 HPs)
             Began as a Mountain Dwarf Fighter on Mar 26, 2024.
             Was an Initiate of Gozag.
             Killed from afar by a lightning spire (24 damage)
             ... with a bolt of electricity
             ... in the Dungeon (Sprint VI: "Thunderdome").
             The game lasted 00:01:33 (375 turns).

rocky1 the Trooper (Mountain Dwarf Fighter)          Turns: 375, Time: 00:01:34

Health: 0/45       AC:  7    Str: 21    XL:     4   Next: 79%
Magic:  4/4        EV:  8    Int:  8    God:    Gozag
Gold:   856        SH:  4    Dex:  9    Spells: 3/3 levels left

rFire   . . .        a - +0 war axe
rCold   . . .        c - +0 buckler
rNeg    . . .        b - +0 scale mail
rPois   .            (no helmet)
rElec   .            (no cloak)
rCorr   .            (no gloves)
SInv    .            (no boots)
Will    .....        (no amulet) Stlth
                     (no ring)
HPRegen 0.27/turn    (no ring)
MPRegen 0.09/turn

%: no teleportation
@: no status effects
A: runic magic, artefact enchanting
a: Renounce Religion, Potion Petition, Call Merchant, Bribe Branch


You were in the Dungeon.
You worshipped Gozag.
Gozag was pleased with you.
You visited 1 branch You collected 856 gold pieces.

Inventory:

Hand Weapons
 a - a +0 war axe (weapon)
Armour
 b - a +0 scale mail (worn)
 c - a +0 buckler (worn)
Wands
 l - a wand of light (5)
 m - a wand of warping (5) (quivered)
Scrolls
 j - 4 scrolls of blinking
 n - 2 scrolls of fog
Potions
 d - a potion of might
 e - a potion of curing
 f - 3 potions of heal wounds
 g - 4 potions of haste
 h - 2 potions of magic
 i - a potion of berserk rage
 k - a potion of resistance


   Skills:
 + Level 6.6 Fighting
 + Level 5.9 Axes
 + Level 6.1 Armour
 + Level 0.5 Dodging
 + Level 5.7 Shields


You had 3 spell levels left.
You didn't know any spells.
Your spell library was empty.

Dungeon Overview and Level Annotations

Branches:
Dungeon (1/1)

Altars:
Cheibriados
Dithmenos
Fedhas
Gozag
Kikubaaqudgha
Makhleb
Okawaru
Qazlal
Ru
Sif Muna
Trog
Uskayaw
Vehumet
Wu Jian
Xom
Yredelemnul
Zin
The Shining One
Beogh
Lugonu

Shops:
D *[=??*?*:[((!!!!

Annotations:
D exclusion: lightning spire


Innate Abilities, Weirdness & Mutations

Your spellcasting is much less encumbered by armour.
You can use scrolls of enchantment on lesser artefacts.


Message History

You block the jelly's attack.
You hit the jelly.
Your hands burn!
The jelly is moderately wounded.
The jelly barely misses you.
You hit the jelly.
Your hands burn!
The jelly is moderately wounded.
The jelly hits you. The acid corrodes you!
You are splashed with acid.
* * * LOW HITPOINT WARNING * * *
You slash the jelly!
You kill the jelly!
Victory!
Score multiplier: 3x You now have 54 arena points (gained 42).
Your Armour skill increases to level 6!
You now have 742 gold pieces (gained 72).
You now have enough gold to fund merchants seeking to open stores in the dungeon.
You now have 802 gold pieces (gained 60).
You now have 856 gold pieces (gained 54).
You are no longer corroded.
You see here an adder skeleton.
You start resting.
Get ready!
ROUND 3!
FIGHT!
A lightning spire comes into view.
The lightning spire shoots out a bolt of lightning at you!
The bolt of electricity hits you!
Marking area around a lightning spire as unsafe for travelling.
Blink to where?
Press: ? - help, Dir - move target, f - you
Okay, then.
As you read the scroll of fog, it dissolves into smoke.
The lightning spire shoots out a bolt of lightning at you!
The bolt of electricity hits you!
* * * LOW HITPOINT WARNING * * *
You feel much better.
The lightning spire shoots out a bolt of lightning at you!
The bolt of electricity hits you!!
Ouch! That really hurt!
You die...
Your body crumbles into a pile of gold.

##∩.__......###......_._∩##
######.ß...§§....ß.######
#⌠..§§§§.....⌠#
###§§§§§....### #§§§§§§.._#
#_§§§§§§._# #§§§§.§.._#
#§§§§....∩# ##∩.@...∩##
##.....## ##I⌠⌠## #####


You could see a lightning spire.

Vanquished Creatures
  3 jellies (D)
  3 adders (D)
  2 ball pythons (D)
  3 endoplasms (D)
11 creatures vanquished.

Notes
Turn   | Place    | Note
-------+----------+-------------------------------------------
     0 | D        | rocky1 the Mountain Dwarf Fighter began the quest for the
                  | Orb.
     0 | D        | Reached XP level 1. HP: 19/19 MP: 1/1
     3 | D        | Found a glowing golden altar of the Shining One.
     3 | D        | Found a burning altar of Makhleb.
     4 | D        | Found a roughly hewn altar of Beogh.
     5 | D        | Found an ornate altar of the Wu Jian Council.
     5 | D        | Round 1.
     6 | D        | Found Jevywou's Timeless Talismans.
     6 | D        | Found a glowing silver altar of Zin.
     6 | D        | Found a shimmering blue altar of Sif Muna.
     6 | D        | Found Onuwoath's Identification Station.
     7 | D        | Found Raop's Jewellery.
     7 | D        | Found Emeef's Advanced Armour.
    10 | D        | Found a blossoming altar of Fedhas.
    10 | D        | Found a sacrificial altar of Ru.
    11 | D        | Found a shimmering altar of Xom.
    11 | D        | Found a corrupted altar of Lugonu.
    11 | D        | Found Ihoth's Magic Scroll Shop.
    11 | D        | Found Piabbah's Staff Store.
    12 | D        | Found Nukavudghi's Magic Scroll Shop.
    12 | D        | Found Lyxe's Must-Have Magic.
    18 | D        | Reached XP level 2. HP: 23/27 MP: 2/2
    20 | D        | Found an opulent altar of Gozag.
    21 | D        | Found an iron altar of Okawaru.
    22 | D        | Found Dyumy's Distillery.
    23 | D        | Found Otwasuip's Distillery.
    23 | D        | Found Potixios's Bottled Wisdom.
    28 | D        | Became a worshipper of Gozag Ym Sagoz the Greedy
    29 | D        | Found a shadowy altar of Dithmenos.
    29 | D        | Found a bloodstained altar of Trog.
    29 | D        | Found Gupeerph's Do-It-Yourself Clinic.
    33 | D        | Found a basalt altar of Yredelemnul.
    36 | D        | Found a snail-covered altar of Cheibriados.
    73 | D        | Reached XP level 3. HP: 35/35 MP: 3/3
   105 | D        | Found a hide-covered altar of Uskayaw.
   106 | D        | Found a stormy altar of Qazlal.
   107 | D        | Found an ancient bone altar of Kikubaaqudgha.
   110 | D        | Found Ruodd's Premium Goods.
   111 | D        | Found Qan Qaca's Miscellaneous Merchandise.
   111 | D        | Found Ywkoc's Basic Armour.
   112 | D        | Found a radiant altar of Vehumet.
   112 | D        | Found Qanuditu's Weapon Rack.
   129 | D        | Arena points: 12 (+12) [x2]
   130 | D        | Reached skill level 5 in Fighting
   189 | D        | Round 2.
   221 | D        | Reached skill level 5 in Armour
   221 | D        | Reached skill level 5 in Shields
   278 | D        | Reached skill level 5 in Axes
   278 | D        | Reached XP level 4. HP: 20/44 MP: 4/4
   296 | D        | Arena points: 54 (+42) [x3]
   353 | D        | Round 3.
   368 | D        | Noticed a lightning spire
   373 | D        | HP: 2/45 [lightning spire/bolt of electricity (16)]
   375 | D        | Killed from afar by a lightning spire

Illustrated notes

Levels and vault maps discovered:
D:        arena_sprint

Skill      XL: |  1  2  3  4 |
---------------+-------------+-----
Fighting       | 4 6 |  6.6
Axes           | 3 5 |  5.9
Armour         | 4 5 6 |  6.1
Shields        | 4 5 |  5.7
Dodging        | |  0.5

Action                     |  1- 3 |  4- 6 || total
---------------------------+-------+-------++-------
  Melee: War axe           |    21 |     4 ||    25
    Use: Scroll            |       |     1 ||     1
         Potion            |       |     1 ||     1
 Armour: Scale mail        |     9 |     4 ||    13
  Dodge: Dodged            |    15 |     1 ||    16
  Block: Buckler           |     2 |     1 ||     3

Table legend: (Time is in decaauts)
 A = Elapsed time spent in this place.
 B = Non-inter-level travel time spent in this place.
 C = Inter-level travel time spent in this place.
 D = Time resting spent in this place.
 E = Time spent auto-exploring this place.
 F = Levels seen in this place.
 G = Mean time per level.
                   A        B        C        D        E       F      G
               +--------+--------+--------+--------+--------+-----+--------+
         Total |    383 |    383 |      0 |    102 |      0 |   1 |  383.0 |
       Dungeon |    383 |    383 |      0 |    102 |      0 |   1 |  383.0 |
               +--------+--------+--------+--------+--------+-----+--------+

Top non-repeatable levels by time:
       D: 383 daAuts
